 Dungeon Crawl Stone Soup version 0.20-a0-71-g11d6418 (webtiles) character file.

427 KristoblXynda the Sneak (level 6, 0/52 HPs)
             Began as a Naga Hunter on Nov 18, 2016.
             Was a Follower of Ashenzari.
             Slain by an orc priest
             ... wielding a cursed +0 short sword
              (3 damage)
             ... on level 3 of the Dungeon.
             The game lasted 00:11:49 (5901 turns).

KristoblXynda the Sneak (Naga Hunter)               Turns: 5901, Time: 00:11:50

Health: 0/52       AC:  4    Str: 15    XL:     6   Next: 97%
Magic:  6/6        EV: 10    Int: 18    God:    Ashenzari [*.....]
Gold:   125        SH:  0    Dex: 11    Spells: 0 memorised, 5 levels left

rFire  . . .     SeeInvis +     h - +0 spear
rCold  . . .     Gourm    .     b - +1 leather armour
rNeg   + . .     Faith    .     (no shield)
rPois  +         Spirit   .     (no helmet)
rElec  .         Reflect  .     (no cloak)
rCorr  .         Harm     .     (no gloves)
MR     .....                    (no barding)
Stlth  ++........               (no amulet)
                                (no ring)
                                o - ring of positive energy (curse)

@: brilliant, drained, very slow
A: see invisible, deformed body, poison resistance, slowness 2, slow metabolism
1, spit poison 1, AC +2
a: Spit Poison, Curse Item, Scrying, Renounce Religion


You were on level 3 of the Dungeon.
You worshipped Ashenzari.
Ashenzari was aware of your devotion.
You were not hungry.

You visited 1 branch of the dungeon, and saw 3 of its levels.
You also visited: Sewer.

You collected 125 gold pieces.

Inventory:

Hand Weapons
 h - a +0 spear (weapon)
Missiles
 c - 6 javelins (quivered)
 d - 2 throwing nets
Armour
 b - a +1 leather armour (worn)
Jewellery
 o - a cursed ring of positive energy (left hand)
Wands
 p - a wand of lightning (0/15)
Scrolls
 a - 2 scrolls of teleportation
 e - a scroll of remove curse
Potions
 l - a potion of resistance
 n - a potion of agility
Comestibles
 f - 6 bread rations
 i - 8 chunks of flesh
 m - a meat ration


   Skills:
 - Level 2.0(1.0) Fighting
 + Level 3.0(2.1) Polearms
 + Level 4.7(3.7) Throwing
 + Level 0.1(0.0) Armour
 - Level 3.4(2.4) Dodging
 + Level 5.3(4.3) Stealth


You had 5 spell levels left.
You didn't know any spells.

Dungeon Overview and Level Annotations

Branches:
Dungeon (3/15)

Altars:
Ashenzari
Ru
Yredelemnul


Innate Abilities, Weirdness & Mutations

You cannot wear boots.
Your serpentine skin is tough. (AC +2)
You have supernaturally acute eyesight. (SInv)
Armour fits poorly on your strangely shaped body.
Your system is resistant to poisons. (rPois)
You cover ground very slowly.
You have a slow metabolism.
You can spit poison.


Message History

* * * LOW HITPOINT WARNING * * *
The orc priest closely misses you.
You bump into the rock wall.
The orc priest closely misses you.
The orc priest hits you with a short sword.
* * * LOW HITPOINT WARNING * * *
Unknown command.
The orc priest looks more healthy.
The orc priest barely misses you.
The orc priest calls upon Beogh to heal the orc priest.
The orc priest is healed somewhat.
You bump into the rock wall.
The orc priest hits you but does no damage.
The orc priest hits you with a hand axe!
* * * LOW HITPOINT WARNING * * *
You feel less invigorated.
You feel less confused.
The orc priest calls down the wrath of Beogh upon you.
Beogh smites you!
* * * LOW HITPOINT WARNING * * *
The orc priest hits you with a short sword.
You die...

##.##.....,* #####..#*#####,****
##.))..## *<,,,* ...#####
****,######## .###
*,,......###*** ##
*###........,,* #
##.).....)..,,* #
##############o.#........,,*
#####)..........@oo##........,,*
......#######################***
####### # # # # #


You could see 2 orc priests and an orc.

Vanquished Creatures
  2 bullfrogs (Sewer)
  An orc priest (D:3)
  9 adders
  12 oozes
  2 worms (D:2)
  A dart slug (D:1)
  15 leopard geckos
  9 orcs (D:3)
  12 giant cockroaches
  10 goblins
  4 hobgoblins
  12 ball pythons
  7 bats
  8 frilled lizards
  7 kobolds
  5 rats
116 creatures vanquished.

Notes
Turn   | Place    | Note
-------+----------+-------------------------------------------
     0 | D:1      | KristoblXynda the Naga Hunter began the quest for the Orb.
     0 | D:1      | Reached XP level 1. HP: 19/19 MP: 1/1
   128 | D:1      | Reached skill level 2 in Stealth
   131 | D:1      | Reached XP level 2. HP: 12/26 MP: 2/2
  1160 | D:1      | Reached skill level 1 in Polearms
  1160 | D:1      | Reached XP level 3. HP: 32/32 MP: 3/3
  1669 | D:2      | Found a shattered altar of Ashenzari.
  1731 | D:2      | Became a worshipper of Ashenzari the Shackled
  2256 | D:2      | Reached XP level 4. HP: 37/39 MP: 4/4
  2488 | D:2      | Reached skill level 3 in Stealth
  3302 | D:3      | Found a sacrificial altar of Ru.
  3318 | D:3      | Found a basalt altar of Yredelemnul.
  3333 | D:3      | Found a glowing drain.
  3353 | Sewer    | Entered a sewer
  3353 | Sewer    | Reached * piety under Ashenzari
  3374 | Sewer    | Reached XP level 5. HP: 22/45 MP: 5/5
  3383 | Sewer    | Reached skill level 4 in Stealth
  5088 | Sewer    | Reached XP level 6. HP: 29/52 MP: 6/6
  5099 | Sewer    | Reached skill level 5 in Stealth
  5896 | D:3      | HP: 2/52 [orc priest/hand axe (5)]
  5901 | D:3      | Slain by an orc priest

Vault maps used:
D:1:      wheals_arrival_shading, minmay_pentomino_p4
D:2:      evilmike_ruin_ashenzari
D:3:      nicolae_overflow_hidden_temple, lemuel_crystal_altar, first_bread,
          portal_sewer_entry_a, fedhas_altar_3
Sewer:    sewer_frog_island_02

Skill      XL: |  1  2  3  4  5  6 |
---------------+-------------------+-----
Stealth        | 2 3 4 5 |  5.3
Dodging        | 2 3 |  3.4
Polearms       | 1 2 3 |  3.0
Throwing       | 4 |  4.7
Fighting       | |  2.0
Armour         | |  0.1

Action                   |  1- 3 |  4- 6 || total
-------------------------+-------+-------++-------
Melee: Spear             |   123 |   311 ||   434
       Short sword       |     5 |       ||     5
Throw: Javelin           |       |     6 ||     6
Invok: Curse Item        |       |     1 ||     1
 Abil: Spit Poison       |    10 |    34 ||    44
Evoke: Wand              |       |     2 ||     2
  Use: Scroll            |       |    10 ||    10
       Potion            |       |     4 ||     4
 Stab: Sleeping          |       |     3 ||     3
  Eat: Chunk             |     3 |    10 ||    13
       Beef jerky        |       |     1 ||     1
Armor: Leather armour    |    22 |    88 ||   110
Dodge: Dodged            |    69 |   198 ||   267
